 Dungeon Crawl Stone Soup version 0.18-a0-1405-g73f4075 (webtiles) character file.

95 glosham the Cudgeler (level 4, -2/48 HPs)
             Began as an Ogre Fighter on Feb 25, 2016.
             Slain by a gnoll
             ... wielding a +0 spear
              (6 damage)
             ... on level 3 of the Dungeon.
             The game lasted 00:15:00 (669 turns).

glosham the Cudgeler (Ogre Fighter)                  Turns: 669, Time: 00:15:00

Health: -2/48      AC:  3    Str: 22    XL:     4   Next: 65%
Magic:  4/4        EV: 10    Int:  7    God:
Gold:   38         SH:  0    Dex:  9    Spells: 0 memorised, 3 levels left

rFire  . . .     SeeInvis +     a - +0 flail
rCold  . . .     Gourm    .     X - +0 robe
rNeg   . . .     Faith    .     (no shield)
rPois  .         Spirit   .     (helmet restricted)
rElec  .         Dismiss  .     (no cloak)
rCorr  .         Reflect  .     (gloves unavailable)
SustAt .         Harm     .     (boots unavailable)
MR     .....                    (no amulet)
Stlth  +.........               (no ring)
                                A - ring of see invisible

@: not resistant to hostile enchantments, very unstealthy
A: unfitting armour, tough skin 1
a: no special abilities


You were on level 3 of the Dungeon.
You were not hungry.

You visited 1 branch of the dungeon, and saw 4 of its levels.

You collected 38 gold pieces.

Inventory:

Hand Weapons
 a - a +0 flail (weapon)
Missiles
 j - 7 poisoned needles
Armour
 X - a +0 robe (worn)
 Z - a +0 shield
Jewellery
 A - a ring of see invisible (left hand)
 C - an uncursed ring of ice
Wands
 g - a wand of disintegration (20/24)
Scrolls
 k - a scroll of immolation
Potions
 c - a potion of cure mutation {unknown}
 d - 5 potions of might
 e - a potion of ambrosia {unknown}
 f - a potion of lignification {unknown}
Comestibles
 b - 2 bread rations
 h - a slice of pizza
 i - a royal jelly


   Skills:
 - Level 4.0 Fighting
 * Level 6.2 Maces & Flails
 - Level 2.6 Dodging
 - Level 2.6 Shields


You had 3 spell levels left.
You didn't know any spells.

Dungeon Overview and Level Annotations

Branches:
Dungeon (4/15)
 Temple: D:4-7

Altars:
Gozag
Vehumet


Innate Abilities, Weirdness & Mutations

You are too large for most types of armour.
You have tough skin (AC +1).


Message History

The gnoll hits you but does no damage.
You closely miss the gnoll.
The gnoll is moderately wounded.
The gnoll closely misses you. The gnoll barely misses you.
You hit the gnoll.
The gnoll is lightly wounded.
The gnoll barely misses you.
You barely miss the gnoll.
The gnoll is lightly wounded.
The gnoll barely misses you.
You hit the gnoll.
The gnoll is lightly wounded.
The gnoll hits you with a whip!
You barely miss the gnoll.
The gnoll is lightly wounded.
The gnoll misses you.
You sock the gnoll!
You kill the gnoll!
Your Maces & Flails skill increases to level 6!
You barely miss the gnoll.
The gnoll is moderately wounded.
The gnoll hits you with a whip! The gnoll barely misses you.
You sock the gnoll!
The gnoll is almost dead.
The gnoll hits you with a whip!
The gnoll hits you from afar with a spear.
You sock the gnoll!
You kill the gnoll!
The gnoll barely misses you. The gnoll hits you with a spear!
Things that are here:
a whip x2
You hit the gnoll.
The gnoll is lightly wounded.
The gnoll hits you with a spear!
* * * LOW HITPOINT WARNING * * *
You hit the gnoll.
The gnoll is moderately wounded.
The gnoll hits you with a spear.
You die...

#....# #####.# #.
#....# #.....# #.
##....#####.#####.#.##
+.......(..........>..
##....#####.#####.#...
##.........# #.#.
#.######### #.#.
...###.######### #...
.........@g......
#.#.#.
#######.###......
#..... #.# .....
###.#. #.# .... #.#.
#.# ... #.## ..# ##
#.## ... #.#. .. #. #.


You could see a gnoll.

Vanquished Creatures
  Ijyb (D:2)
  3 adders
  2 gnolls (D:3)
  A giant gecko (D:3)
  2 giant cockroaches
  3 goblins
  2 hobgoblins
  2 jackals
  A bat (D:2)
  6 kobolds
  A rat (D:3)
24 creatures vanquished.

Notes
Turn   | Place    | Note
--------------------------------------------------------------
     0 | D:1      | glosham the Ogre Fighter began the quest for the Orb.
     0 | D:1      | Reached XP level 1. HP: 24/24 MP: 1/1
    59 | D:2      | Noticed Ijyb
    70 | D:2      | Killed Ijyb
    70 | D:2      | Reached skill level 4 in Maces & Flails
    70 | D:2      | Reached XP level 2. HP: 18/32 MP: 2/2
    70 | D:2      | Reached XP level 3. HP: 21/39 MP: 3/3
   123 | D:2      | Found a radiant altar of Vehumet.
   204 | D:3      | Found an opulent altar of Gozag.
   215 | D:3      | Reached skill level 5 in Maces & Flails
   276 | D:4      | Noticed an ogre
   279 | D:4      | Noticed a scorpion
   431 | D:2      | Reached XP level 4. HP: 39/48 MP: 4/4
   663 | D:3      | Reached skill level 6 in Maces & Flails
   668 | D:3      | HP: 4/48 [gnoll/spear (10)]
   669 | D:3      | Slain by a gnoll

Vault maps used:
D:1:      dpeg_arrival_concentric_ovals
D:2:      vehumet_crystals, uniq_iyjb, uniq_natasha
D:3:      nicolae_gozag_cash_rules_everything_around_me, lemuel_round_altar
D:4:      nicolae_overflow_hidden_temple, uniq_blork_the_orc,
          uniq_crazy_yiuf_cottage

Skill      XL: |  1  2  3  4 |
---------------+-------------+-----
Maces & Flails | 4 5 6 |  6.2
Fighting       | |  4.0
Dodging        | |  2.6
Shields        | |  2.6

Action                   |  1- 3 |  4- 6 || total
-------------------------+-------+-------++-------
Melee: Flail             |    55 |    34 ||    89
  Use: Scroll            |     2 |     3 ||     5
 Stab: Sleeping          |       |     1 ||     1

Table legend:
 A = Turns spent in this place as a percentage of turns spent in the entire game.
 B = Non-inter-level travel turns spent in this place as a percentage of non-inter-level travel turns spent in the entire game.
 C = Inter-level travel turns spent in this place as a percentage of turns spent in this place.
 D = Turns resting spent in this place as a percentage of non-inter-level travel turns spent in this place.
 E = Turns spent auto-exploring this place as a percentage of non-inter-level travel turns spent in this place.
 F = Non-inter-level travel turns spent in this place divided by the number of levels of this place that you've seen.
                   A       B       C       D       E      F
               +-------+-------+-------+-------+-------+----------------------
         Total | 100.0 | 100.0 |   0.0 |   0.3 |   0.0 | 148.8
       Dungeon | 100.0 | 100.0 |   0.0 |   0.3 |   0.0 | 148.8
               +-------+-------+-------+-------+-------+----------------------

Table legend:
 A = Kills in this place as a percentage of kills in entire the game.
 B = Kills by you in this place as a percentage of kills by you in the entire game.
 C = Kills by friends in this place as a percentage of kills by friends in the entire game.
 D = Other kills in this place as a percentage of other kills in the entire game.
 E = Experience gained in this place as a percentage of experience gained in the entire game.
 F = Experience gained in this place divided by the number of levels of this place that you have seen.
                   A       B       C       D       E      F
               +-------+-------+-------+-------+-------+----------------------
         Total | 100.0 | 100.0 |  -nan |  -nan | 100.0 |  34.0
       Dungeon | 100.0 | 100.0 |  -nan |  -nan | 100.0 |  34.0
               +-------+-------+-------+-------+-------+----------------------

Vault maps used:
D:1:      dpeg_arrival_concentric_ovals
D:2:      vehumet_crystals, uniq_iyjb, uniq_natasha
D:3:      nicolae_gozag_cash_rules_everything_around_me, lemuel_round_altar
D:4:      nicolae_overflow_hidden_temple, uniq_blork_the_orc,
          uniq_crazy_yiuf_cottage
